 Dungeon Crawl Stone Soup version 0.29.1-2-gbd0b4ee654 (webtiles) character file.

Game seed: 7942972038187342952

375 manyhoops the Ruffian (level 6, -3/61 (67) HPs)
             Began as a Demigod Transmuter on Nov 10, 2022.
             Slain by a necrophage (7 damage)
             ... on level 4 of the Dungeon.
             The game lasted 00:05:20 (4303 turns).

manyhoops the Ruffian (Demigod Transmuter)          Turns: 4303, Time: 00:05:21

HP:   -3/61 (67)    AC:  4    Str: 17 (19) XL:     6   Next: 20%
MP:   6/11          EV: 11    Int: 15      God:
Gold: 130           SH:  0    Dex: 13 (14) Spells: 5/8 levels left

rFire   . . .      SeeInvis +     - Unarmed
rCold   . . .      Faith    .   (no shield)
rNeg    . . .      Spirit   .   h - +0 leather armour
rPois   .          Reflect  .   (helmet unavailable)
rElec   .          Harm     .   a - +0 cloak
rCorr   .          Rampage  .   (no gloves)
Will    .....                   (boots currently unavailable)
Stlth   ..........              (no amulet)
HPRegen 0.20/turn               l - ring of see invisible
MPRegen 0.12/turn               (no ring)

@: berserking, appendages (expiring), attractive, drained, very quick
A: horns 3, talons 2, high MP 1, forlorn, divine attributes, frail 1, wild magic
1
a: End Transformation


You were on level 4 of the Dungeon.
You had temporarily grown beastly horns and talons.
You visited 1 branch of the dungeon, and saw 4 of its levels.

You collected 130 gold pieces.

Inventory:

Armour
 a - a +0 cloak (worn)
 g - a +2 helmet (melded)
 h - a +0 leather armour (worn)
Jewellery
 l - a ring of see invisible (left hand)
Scrolls
 b - a scroll of teleportation
 c - a scroll of silence {unknown}
 e - 2 scrolls of noise
 i - a scroll of enchant armour
 j - a scroll of torment {unknown}
 m - a scroll of magic mapping {unknown}
 n - a scroll of fear {unknown}


   Skills:
 * Level 2.9 Fighting
 - Level 1.7 Dodging
 + Level 6.0 Unarmed Combat
 - Level 1.7 Spellcasting
 - Level 1.7 Transmutations


You had 5 spell levels left.
You knew the following spells:

 Your Spells              Type           Power      Damage    Failure   Level
a - Beastly Appendage     Tmut           16%        N/A       21%         1
b - Wereblood             Tmut           8%         N/A       28%         2

Your spell library contained the following spells:

 Spells                   Type           Power      Damage    Failure   Level
 Passwall                 Tmut/Erth      4%         N/A       38%         2
 Ensorcelled Hibernation  Hex/Ice        2%         N/A       47%         2
 Spider Form              Tmut/Pois      5%         N/A       61%         3
 Dazzling Flash           Conj/Hex       2%         N/A       71%         3
 Frozen Ramparts          Ice            2%         1d1       71%         3
 Stone Arrow              Conj/Erth      2%         3d7       71%         3
 Swiftness                Air            1%         N/A       71%         3
 Ice Form                 Ice/Tmut       5%         N/A       93%         4
 Animate Armour           Summ/Erth      2%         N/A       97%         4
 Iskenderun's Mystic Bla  Conj/Tloc      1%         2d3       97%         4
 Summon Ice Beast         Ice/Summ       1%         N/A       97%         4
 Starburst                Conj/Fire      0%         6d3       100%        6
 Lehudib's Crystal Spear  Conj/Erth      0%         10d2      100%        8


Dungeon Overview and Level Annotations

Branches:
Dungeon (4/15)
 Temple: D:4-7

Shops:
D:3 (

Annotations:
D:2 1 runed translucent door, Crazy Yiuf
D:3 Terence


Innate Abilities, Weirdness & Mutations

You have temporarily grown beastly horns and talons.
You have an increased reservoir of magic. (+10% MP)
You shall have no god before yourself.
Your divine heritage dramatically boosts your attributes as you level up.
You are frail. (-10% HP)
Your spells are a little harder to cast, but a little more powerful.


Message History

You closely miss the necrophage.
You headbutt the necrophage, but do no damage.
The necrophage is lightly damaged.
The necrophage hits you.
You feel drained.
You hit the necrophage but do no damage.
The necrophage is lightly damaged.
The necrophage hits you.
You punch the necrophage!
The necrophage is moderately damaged.
The necrophage hits you.
* * * LOW HITPOINT WARNING * * *
You feel drained.
A howler monkey comes into view.
Your magical contamination has completely faded away.
Okay, then.
Okay, then.
Okay, then.
It was a potion of mutation.
You feel extremely strange.
You feel frail.
You feel less in control of your magic. The horns on your head grow some more.
The howler monkey howls!
The necrophage hits you.
* * * LOW HITPOINT WARNING * * *
You feel drained.
The orc priest hits you with a +0 dagger.
* * * LOW HITPOINT WARNING * * *
The howler monkey hoots and howls with incredible vigour!
It was a potion of attraction.
You feel attractive to monsters. The necrophage completely misses you.
A hobgoblin comes into view.
The orc priest hits you with a +0 dagger.
* * * LOW HITPOINT WARNING * * *
The hobgoblin is attracted toward you.
It was a potion of berserk rage.
A red film seems to cover your vision as you go berserk!
You feel yourself moving faster!
You feel mighty!
The hobgoblin shouts!
The necrophage hits you!
You die...

. ############ ...
#@.........#
.....#on......†<#
...o..g).........#
..#.##...........#
...h...........#
...§............#
s...............#
................#
................#


You could see a necrophage, a howler monkey (catching breath), an orc priest and
a hobgoblin.

Vanquished Creatures
  A black bear (D:4)
  A bullfrog (D:4)
  A scorpion (D:4)
  An orc priest (D:2)
  A hound (D:4)
  An orc wizard (D:2)
  A worm (D:2)
  2 dart slugs
  4 orcs
  9 ball pythons
  7 bats
  8 endoplasms
  A giant cockroach (D:1)
  3 goblins
  4 hobgoblins
  5 jackals
  4 kobolds
  6 quokkas
  4 frilled lizards
  6 rats
70 creatures vanquished.

Notes
Turn   | Place    | Note
-------+----------+-------------------------------------------
     0 | D:1      | manyhoops the Demigod Transmuter began the quest for the
                  | Orb.
     0 | D:1      | Reached XP level 1. HP: 15/15 MP: 5/5
    24 | D:1      | Reached skill level 1 in Fighting
    30 | D:1      | Reached skill level 3 in Unarmed Combat
   450 | D:1      | Reached XP level 2. HP: 23/23 MP: 5/7
  1202 | D:1      | Reached XP level 3. HP: 23/28 MP: 6/8
  1208 | D:1      | Learned a level 2 spell: Wereblood
  2002 | D:2      | Found a runed translucent door.
  2003 | D:2      | Noticed Crazy Yiuf
  2205 | D:2      | Reached skill level 4 in Unarmed Combat
  2871 | D:2      | Reached XP level 4. HP: 23/36 MP: 9/9
  3384 | D:3      | Found Wauliohy's Antique Weapon Shoppe.
  3495 | D:3      | Noticed Terence
  4257 | D:4      | Reached skill level 5 in Unarmed Combat
  4257 | D:4      | Reached XP level 5. HP: 39/42 MP: 6/10
  4264 | D:4      | Noticed a black bear
  4276 | D:4      | Killed a black bear
  4277 | D:4      | Reached XP level 6. HP: 33/50 MP: 6/11
  4297 | D:4      | Reached skill level 6 in Unarmed Combat
  4301 | D:4      | Gained mutation: You are frail. (-10% HP) [potion of
                  | mutation]
  4301 | D:4      | Gained mutation: Your spells are a little harder to cast,
                  | but a little more powerful. [potion of mutation]
  4301 | D:4      | Gained mutation: You have a pair of large horns on your
                  | head. [potion of mutation]
  4302 | D:4      | HP: 2/41 [orc priest/+0 dagger (2)]
  4303 | D:4      | Slain by a necrophage

Illustrated notes

Levels and vault maps discovered:
D:1:      lemuel_arrival_cross, layout_rooms,
          hellmonk_ecumenical_altar_inner_sanctum
D:2:      layout_loops_corners, basic_altar, st_stairs_9,
          uniq_crazy_yiuf_cottage
D:3:      layout_basic, serial_shops, shop_statue, uniq_terence
D:4:      layout_rooms, minmay_temple_entry_drinking_statues

Skill      XL: |  1  2  3  4  5  6 |
---------------+-------------------+-----
Fighting       | 1 2 |  2.9
Unarmed Combat | 3 4 5 6 |  6.0
Dodging        | |  1.7
Spellcasting   | |  1.7
Transmutations | |  1.7

Action                   |  1- 3 |  4- 6 || total
-------------------------+-------+-------++-------
Melee: Unarmed           |   143 |    60 ||   203
       Punch             |     6 |     2 ||     8
       Kick              |    16 |     3 ||    19
       Headbutt          |     7 |     7 ||    14
 Cast: Beastly Appendage |    18 |     4 ||    22
       Wereblood         |       |     2 ||     2
  Use: Potion            |     1 |     4 ||     5
       Scroll            |     3 |     1 ||     4
 Stab: Sleeping          |     2 |       ||     2
Armor: Skin              |    10 |       ||    10
       Robe              |    24 |       ||    24
       Leather armour    |    23 |    16 ||    39
Dodge: Dodged            |    81 |    36 ||   117
